Map: Lightshade LE

Players

maru

  • Race: Terran Terran
  • Spawn Location: 5:00

Serral - Winner!

  • Race: Zerg Zerg
  • Spawn Location: 11:00

VOD

Have the link to the VOD?

Description

Time

  • Played on: Oct. 3, 2020, 7:23 a.m.
  • Length: 20:01
Show
View Real Time Build Order
Export as new Build Order

maru Terran 

Build Orders: Reaper Expand 

Get SALT Encoding   

  12  0:00  SCV  
  13  0:12  SCV  
  14  0:17  Supply Depot  
  14  0:25  SCV  
  15  0:39  SCV  
  15  0:40  Barracks  
  16  0:43  Refinery  
  16  0:51  SCV  
  17  1:03  SCV  
  18  1:15  SCV  
  19  1:27  Orbital Command, Reaper  
  20  1:38  Command Center  
  20  1:49  Supply Depot  
  20  1:53  SCV  
  21  1:59  Marine  
  22  2:04  Factory  
  22  2:05  SCV  
  23  2:17  SCV  
  23  2:20  Barracks Reactor  
  25  2:30  SCV  
  25  2:41  Command Center  
  25  2:42  SCV  
  26  2:50  Orbital Command  
  26  2:54  SCV  
  27  3:03  Hellion x2  
  31  3:05  Marine  
  31  3:06  SCV  
  33  3:16  SCV  
  33  3:18  SCV  
  35  3:24  Barracks Tech Lab  
  35  3:25  Hellion x2  
  39  3:28  SCV  
  39  3:30  SCV  
  39  3:33  Supply Depot  
  41  3:40  SCV  
  42  3:42  SCV  
  42  3:43  Marine, Stimpack  
  42  3:44  Barracks  
  42  3:47  Barracks  
  44  3:53  SCV  
  44  3:54  Factory Reactor, SCV  
  46  3:59  Refinery, Orbital Command  
  46  4:05  Marine, SCV  
  46  4:06  SCV  
  50  4:17  SCV  
  50  4:18  Engineering Bay x2, SCV  
  50  4:23  Marine  
  52  4:26  Orbital Command  
  52  4:27  Refinery  
  52  4:29  SCV  
  52  4:31  SCV  
  54  4:32  Starport  
  54  4:36  Factory Reactor  
  54  4:38  Supply Depot, Marine x3  
  54  4:39  Marine  
  54  4:41  Marine, SCV  
  54  4:43  SCV  
  61  4:52  Refinery  
  61  4:53  SCV  
  61  4:56  Marine x4  
  61  4:57  SCV  
  61  4:59  Marine  
  68  5:03  Terran Infantry Weapons Level 1, Terran Infantry Armor Level 1  
  68  5:04  SCV  
  68  5:05  SCV  
  70  5:07  Supply Depot  
  70  5:10  SCV  
  71  5:14  Marine  
  71  5:15  Supply Depot  
  71  5:16  SCV  
  71  5:18  Medivac  
  71  5:19  Medivac  
  77  5:29  Supply Depot, SCV x3  
  77  5:31  Marine x4  
  77  5:32  Marine  
  85  5:38  Supply Depot  
  85  5:41  SCV x3  
  88  5:50  Combat Shield, Factory Reactor  
  88  5:53  SCV x3, Medivac x2  
  88  5:54  Marine x2  
  97  6:03  Supply Depot  
  97  6:04  Supply Depot  
  97  6:05  SCV  
  97  6:06  SCV  
  97  6:07  Armory  
  97  6:09  Marine x2  
  101  6:11  Marine  
  101  6:12  Marine, SCV  
  101  6:17  SCV  
  101  6:18  SCV  
  106  6:24  Marine, SCV  
  108  6:27  Marine  
  108  6:29  SCV  
  108  6:30  Widow Mine x2, SCV  
  108  6:32  Medivac x2  
  119  6:36  SCV  
  119  6:39  Marine x2  
  99  6:40  Marine  
  99  6:42  Marine, SCV  
  99  6:44  Barracks  
  99  6:45  Barracks  
  103  6:48  Marine  
  103  6:53  Widow Mine x2  
  108  6:54  Factory  
  108  6:55  Refinery  
  108  6:57  Marine x3  
  111  7:05  Marine  
  111  7:06  Marine, Medivac x2  
  111  7:07  Command Center  
  112  7:15  Terran Infantry Weapons Level 2, Marine  
  113  7:16  SCV x3  
  113  7:17  Marine x2  
  118  7:23  Marine, Missile Turret  
  118  7:24  Marine  
  118  7:26  Supply Depot  
  118  7:28  Supply Depot, SCV  
  121  7:33  Marine  
  121  7:34  SCV  
  121  7:35  Marine x2  
  125  7:39  Widow Mine  
  125  7:40  Widow Mine  
  125  7:41  Marine  
  125  7:42  Barracks Reactor x2  
  125  7:43  Factory Tech Lab  
  125  7:44  Factory  
  125  7:47  Marine  
  125  7:49  Refinery, Terran Infantry Armor Level 2  
  125  7:51  Supply Depot, Marine  
  126  7:52  Supply Depot x2, Marine  
  126  7:56  Marine  
  129  7:58  Marine  
  130  8:06  Drilling Claws, Widow Mine x2, Siege Tank  
  137  8:19  Barracks x2  
  137  8:20  Barracks, Marine, Marauder  
  134  8:29  Marine  
  134  8:30  Factory Tech Lab, Marine x4  
  134  8:32  Widow Mine x2  
  139  8:38  Siege Tank  
  140  8:42  Marauder  
  140  8:43  Medivac x2  
  140  8:44  SCV  
  147  8:50  Supply Depot  
  147  8:52  Marine  
  147  8:53  Marine x4  
  147  8:55  Siege Tank  
  152  9:03  Marauder  
  153  9:11  Barracks Tech Lab x3  
  153  9:15  SCV x3  
  154  9:20  Supply Depot  
  154  9:23  Widow Mine, Siege Tank  
  154  9:24  Widow Mine  
  161  9:25  Marauder  
  161  9:27  SCV  
  161  9:30  Supply Depot, Siege Tank  
  167  9:36  Marauder x3  
  173  9:44  Supply Depot, Planetary Fortress  
  173  9:45  Widow Mine x2  
  175  9:46  Marauder  
  175  9:52  Marine x2  
  173  9:53  Marine  
  173  9:57  Marauder x3  
  182  10:02  Command Center, Sensor Tower  
  182  10:07  Marauder  
  182  10:10  Refinery x2  
  184  10:17  Terran Infantry Weapons Level 3  
  184  10:21  Widow Mine, Marauder  
  184  10:22  Widow Mine  
  181  10:29  Marine, Marauder  
  181  10:30  Marauder  
  180  10:38  Ghost Academy  
  180  10:40  SCV x4  
  180  10:42  Marine x3, Marauder  
  190  10:43  Barracks, Marauder  
  190  10:44  Barracks  
  190  10:50  Marauder  
  190  10:51  Concussive Shells, Marauder  
  190  10:56  Medivac x2  
  194  11:01  Terran Infantry Armor Level 3  
  194  11:04  Marauder  
  190  11:07  Marauder  
  192  11:12  Marauder  
  194  11:23  Sensor Tower  
  194  11:38  Command Center, Marine x2, Marauder x2  
  181  11:43  Marine x2  
  181  11:44  Marauder x2  
  177  11:50  Barracks Tech Lab x2  
  177  11:51  Widow Mine x2  
  177  11:52  Widow Mine x2  
  185  11:56  Planetary Fortress  
  185  11:59  Ghost  
  185  12:00  Marauder  
  189  12:02  Terran Vehicle And Ship Armor Level 1  
  189  12:04  Ghost  
  189  12:05  Marine x4, Marauder  
  197  12:09  Personal Cloaking  
  197  12:13  Widow Mine  
  198  12:21  Marauder  
  199  12:27  Marauder  
  199  12:28  Marauder  
  185  12:30  Ghost, Widow Mine x3  
  185  12:31  Ghost, Marine x2  
  185  12:34  Marauder  
  181  12:42  Marauder  
  183  12:48  Marauder  
  183  12:51  Ghost, Marine  
  167  12:54  Ghost  
  167  12:56  Widow Mine x2, Siege Tank x2  
  170  13:00  Marauder  
  170  13:01  Marine  
  170  13:02  Marine x3, Marauder  
  170  13:04  Marauder  
  160  13:06  Marine x3  
  160  13:09  Marine, Marauder  
  166  13:16  SCV x3  
  166  13:17  Widow Mine  
  166  13:18  Widow Mine  
  166  13:19  Sensor Tower  
  173  13:20  Marauder  
  173  13:21  Refinery x2, Marauder  
  173  13:23  Marauder  
  173  13:24  Ghost  
  181  13:28  SCV x2  
  181  13:31  SCV  
  184  13:36  Ghost  
  184  13:39  Orbital Command  
  184  13:40  SCV x2  
  176  13:54  Widow Mine, Siege Tank x2  
  176  13:55  Widow Mine  
  155  14:00  Supply Depot x2  
  155  14:02  Supply Depot x2  
  155  14:11  SCV  
  155  14:21  Ghost  
  157  14:25  Ghost x2  
  157  14:28  Ghost  
  157  14:30  SCV x3  
  166  14:32  SCV  
  166  14:38  Widow Mine x3  
  173  14:42  SCV x3  
  173  14:44  SCV  
  177  14:52  Ghost, Orbital Command  
  171  14:54  SCV x2  
  171  14:59  SCV  
  166  15:06  SCV x2  
  164  15:07  Siege Tank x2  
  164  15:08  Widow Mine x2  
  164  15:09  Terran Vehicle And Ship Armor Level 2  
  164  15:12  SCV  
  175  15:14  Missile Turret  
  175  15:15  Missile Turret  
  175  15:19  Planetary Fortress  
  175  15:22  Command Center  
  175  15:27  Marine  
  175  15:28  Marauder  
  176  15:31  Widow Mine  
  176  15:35  Missile Turret  
  169  15:37  Widow Mine  
  169  15:38  SCV x2  
  169  15:39  SCV, Siege Tank  
  169  15:40  Siege Tank  
  180  15:53  Supply Depot  
  180  15:54  Supply Depot  
  182  15:57  Widow Mine  
  182  16:07  Orbital Command  
  176  16:14  Siege Tank  
  176  16:15  Siege Tank  
  172  16:23  Command Center  
  170  16:31  SCV x2  
  170  16:32  SCV x2  
  174  16:35  Widow Mine  
  176  16:43  SCV  
  176  16:46  Siege Tank  
  180  16:47  Siege Tank  
  180  16:54  Sensor Tower  
  183  16:56  Orbital Command  
  183  16:57  Supply Depot  
  179  17:12  Widow Mine x2  
  179  17:18  Siege Tank  
  181  17:26  Terran Vehicle Weapons Level 1  
  163  17:41  Marine  
  163  17:42  Marine x4, Marauder x5  
  161  17:44  Widow Mine x2  
  146  17:56  Orbital Command  
  146  17:57  Siege Tank x2  
  146  17:58  SCV x2  
  154  18:01  Medivac x2  
  154  18:03  Ghost  
  162  18:05  Widow Mine  
  162  18:06  Widow Mine  
  162  18:10  SCV  
  165  18:24  SCV x2  
  165  18:25  Supply Depot  
  167  18:34  Marine  
  167  18:35  Marauder x2  
  172  18:46  Marine, Marauder, Siege Tank x2  
  143  19:04  Marine x4  
  143  19:05  Marine, Marauder x5  
  143  19:07  Marine  
  153  19:22  Marine x2  
  155  19:26  Marauder x3  
  155  19:29  Widow Mine  
  155  19:30  Widow Mine x3  
Show
View Real Time Build Order
Export as new Build Order

Serral Zerg - Winner!

Build Orders: Hatch First 

Get SALT Encoding   

  12  0:00  Drone  
  13  0:12  Overlord  
  13  0:17  Drone  
  14  0:30  Drone  
  14  0:31  Drone  
  16  0:48  Hatchery  
  15  0:51  Drone  
  15  0:55  Drone  
  17  0:58  Drone  
  18  1:09  Extractor  
  17  1:13  Spawning Pool  
  17  1:16  Drone  
  17  1:20  Drone  
  18  1:28  Drone  
  19  1:38  Drone  
  20  1:49  Drone  
  21  2:00  Queen x2  
  25  2:02  Zergling x4  
  27  2:11  Overlord  
  27  2:12  Drone  
  28  2:23  Hatchery  
  28  2:26  Drone  
  28  2:30  Spore Crawler  
  28  2:35  Drone x2  
  28  2:36  Drone  
  30  2:42  Queen  
  32  2:48  Overlord  
  32  2:52  Metabolic Boost  
  32  2:55  Drone  
  32  2:57  Drone  
  34  3:00  Drone  
  35  3:08  Drone x3  
  35  3:10  Drone  
  39  3:14  Overlord  
  39  3:16  Drone  
  39  3:17  Drone  
  41  3:23  Queen  
  43  3:28  Overlord  
  43  3:31  Overlord  
  43  3:37  Queen  
  43  3:39  Drone  
  43  3:40  Drone  
  47  3:43  Zergling x2  
  47  3:45  Zergling x2  
  47  3:47  Zergling x2  
  47  3:48  Drone x2  
  52  3:50  Drone  
  53  3:56  Drone  
  53  3:59  Queen  
  53  4:01  Baneling Nest  
  55  4:04  Drone x2, Zergling x2  
  55  4:05  Drone  
  55  4:08  Drone  
  60  4:10  Overlord  
  60  4:13  Overlord  
  60  4:16  Drone  
  60  4:17  Drone  
  62  4:21  Overlord  
  62  4:24  Drone x3  
  64  4:25  Extractor  
  64  4:28  Extractor  
  63  4:31  Lair  
  63  4:32  Drone  
  63  4:33  Drone  
  63  4:36  Drone x2  
  63  4:37  Drone  
  68  4:40  Drone x2  
  68  4:41  Drone  
  71  4:47  Drone  
  71  4:49  Drone x5  
  76  4:53  Drone x3  
  76  4:57  Queen  
  81  5:03  Evolution Chamber  
  81  5:04  Evolution Chamber  
  81  5:05  Drone  
  81  5:07  Zergling x8  
  84  5:12  Extractor  
  83  5:15  Hatchery  
  83  5:17  Drone  
  83  5:18  Zergling x4  
  83  5:19  Zergling x2  
  86  5:22  Overlord  
  86  5:23  Baneling x4  
  86  5:25  Zergling x2  
  86  5:26  Zergling x2  
  88  5:28  Centrifical Hooks  
  88  5:31  Overlord  
  88  5:35  Zergling x4  
  90  5:39  Zerg Ground Armor Level 1  
  90  5:40  Zergling x6  
  90  5:41  Zergling x2  
  94  5:45  Zerg Melee Weapons Level 1  
  94  5:47  Zergling x6  
  97  5:50  Overlord  
  97  5:54  Overlord  
  96  5:58  Extractor  
  96  6:00  Hydralisk Den, Drone x6  
  96  6:03  Drone x3  
  103  6:07  Overlord  
  103  6:10  Drone  
  104  6:13  Baneling x5  
  104  6:19  Drone x3  
  104  6:21  Baneling x2, Zergling x6  
  110  6:27  Queen  
  110  6:29  Drone  
  110  6:39  Zergling x22  
  108  6:43  Muscular Augments  
  108  6:44  Baneling x2  
  108  6:48  Drone x2  
  108  6:53  Drone, Zergling x8  
  115  6:54  Overseer  
  115  6:55  Baneling  
  115  6:56  Baneling, Overlord  
  115  6:57  Pneumatized Carapace  
  115  6:58  Overseer  
  115  7:00  Hydralisk x2  
  115  7:01  Hydralisk x2  
  119  7:06  Hydralisk x2  
  123  7:12  Hydralisk x2  
  123  7:13  Hydralisk  
  129  7:19  Baneling x3  
  129  7:30  Drone  
  129  7:31  Drone x4  
  129  7:32  Hydralisk, Zergling x4  
  129  7:33  Zergling x10  
  129  7:34  Baneling x6  
  138  7:44  Zergling x2  
  138  7:45  Zergling x10  
  138  7:46  Overlord x4  
  138  7:49  Spore Crawler  
  138  7:50  Baneling  
  143  7:53  Extractor  
  143  7:54  Drone x2  
  143  7:56  Overlord  
  144  8:01  Hatchery  
  143  8:05  Zerg Ground Armor Level 2  
  143  8:06  Zerg Melee Weapons Level 2  
  143  8:08  Drone x3  
  143  8:09  Drone  
  147  8:13  Infestation Pit  
  147  8:15  Overseer, Zergling x20  
  156  8:25  Zergling x14  
  158  8:35  Queen  
  158  8:38  Hydralisk x2  
  158  8:39  Zergling x10  
  167  8:46  Baneling x2  
  167  8:52  Drone  
  167  8:53  Drone  
  167  8:54  Hive  
  167  8:55  Drone x2  
  170  8:56  Zergling x2  
  170  8:57  Zergling x12  
  170  9:01  Baneling x3  
  177  9:05  Drone  
  177  9:06  Extractor  
  177  9:08  Drone x3  
  177  9:09  Overlord x2  
  180  9:13  Spine Crawler, Hatchery  
  180  9:16  Queen, Overlord, Spore Crawler  
  180  9:17  Spine Crawler, Overlord  
  179  9:18  Drone  
  179  9:21  Zergling x14  
  186  9:25  Baneling x14  
  186  9:35  Zergling x24  
  194  9:47  Zergling x2  
  194  9:48  Zergling x14  
  199  9:56  Baneling x22  
  199  9:58  Overlord  
  199  10:04  Hatchery, Overlord  
  198  10:08  Adrenal Glands  
  198  10:11  Baneling x3  
  198  10:16  Zergling x2  
  193  10:22  Baneling x3  
  193  10:23  Viper x2  
  192  10:32  Drone x4  
  192  10:33  Zergling x2  
  192  10:34  Zergling x30  
  200  10:42  Hatchery  
  199  10:50  Zerg Melee Weapons Level 3  
  199  10:51  Zerg Ground Armor Level 3, Hatchery  
  199  10:55  Ultralisk Cavern  
  196  10:59  Zergling x22  
  196  11:00  Zergling x10  
  199  11:10  Baneling x3  
  199  11:11  Baneling  
  199  11:16  Grooved Spines  
  199  11:19  Extractor  
  199  11:23  Drone  
  199  11:28  Baneling x9  
  199  11:30  Baneling x9  
  169  11:48  Chitinous Plating  
  169  11:51  Zergling x62  
  200  12:03  Baneling x9  
  200  12:11  Burrow  
  197  12:16  Zergling x6  
  195  12:28  Zergling x44  
  197  12:32  Zergling x16  
  189  12:38  Zergling x6  
  189  12:39  Zergling x18  
  189  12:41  Baneling x4  
  174  12:59  Ultralisk  
  174  13:00  Ultralisk, Zergling x28  
  188  13:07  Anabolic Synthesis  
  188  13:10  Baneling, Spire  
  188  13:11  Baneling x8  
  188  13:12  Drone x4  
  190  13:13  Drone  
  190  13:14  Ultralisk, Zergling x8, Spore Crawler  
  190  13:17  Baneling x2  
  200  13:21  Baneling, Overlord  
  200  13:22  Overseer  
  200  13:29  Baneling  
  200  13:30  Baneling x8  
  200  13:34  Baneling x2  
  200  13:35  Baneling x4  
  200  13:37  Overseer  
  181  13:50  Ultralisk x2, Zergling x22  
  192  13:58  Ultralisk, Zergling x4  
  200  14:09  Zerg Missile Weapons Level 1  
  200  14:13  Baneling x9  
  200  14:14  Baneling  
  199  14:28  Zerg Flyer Weapons Level 1  
  199  14:34  Spire  
  198  14:39  Hatchery  
  198  14:40  Drone x2  
  198  14:42  Baneling  
  196  14:59  Zergling x14  
  198  15:08  Overseer  
  198  15:13  Zergling x4  
  186  15:38  Zergling x26  
  199  15:48  Zerg Flyer Armor Level 1  
  198  15:55  Baneling x7  
  198  15:58  Baneling x5  
  198  15:59  Baneling x2  
  182  16:13  Zergling x10  
  182  16:14  Zergling x58  
  186  16:19  Zergling x4  
  186  16:20  Zergling x24  
  200  16:40  Baneling x9, Spore Crawler  
  200  16:41  Overseer x3, Baneling x43  
  200  16:43  Drone  
  200  16:45  Zerg Missile Weapons Level 2  
  200  16:48  Hatchery  
  199  17:02  Zergling x2  
  189  17:18  Zergling x38  
  185  17:35  Zergling x18  
  185  17:36  Zergling x28  
  191  17:47  Ultralisk, Zergling x22  
  191  17:51  Zergling x16  
  200  18:00  Greater Spire  
  200  18:01  Baneling x10  
  200  18:02  Baneling x12  
  200  18:05  Overseer  
  200  18:19  Baneling x12  
  200  18:22  Extractor  
  200  18:25  Extractor  
  198  18:32  Baneling x13  
  198  18:36  Zergling x4  
  200  18:41  Baneling x11  
  174  18:59  Ultralisk, Zergling x16  
  174  19:00  Zergling x48  
  187  19:10  Baneling x15  
  187  19:11  Zergling x30  
  200  19:17  Extractor x2  
  200  19:21  Baneling  
  200  19:22  Baneling x19  
  196  19:31  Zergling x10  
Tags
 
Add a new tag
Caveats
  • Supply blocks, unpowered buildings, or Contaminate may cause inaccurate times.
  • Supply counts are checked every 10 seconds.